 Dungeon Crawl Stone Soup version 0.21-a0-531-gacddea6 (webtiles) character file.

2403 AverageBear the Nimble (level 9, -2/49 HPs)
             Began as a Deep Elf Fighter on Dec 12, 2017.
             Was a Follower of Ashenzari.
             Slain by Grinder (3 damage)
             ... while paralysed by Grinder
             ... on level 6 of the Dungeon.
             The game lasted 00:10:14 (8083 turns).

AverageBear the Nimble (Deep Elf Fighter)           Turns: 8083, Time: 00:10:15

Health: -2/49      AC:  3    Str: 18    XL:     9   Next: 23%
Magic:  11/11      EV:  2    Int: 14    God:    Ashenzari [*.....]
Gold:   318        SH:  0    Dex: 18    Spells: 8/8 levels left

rFire    . . .     SeeInvis +   E - +1 dagger (venom)
rCold    . . .     Gourm    .   q - +0 buckler
rNeg     + . .     Faith    .   v - +0 leather armour "Icaow" {*Corrode Str+2 SInv Stlth+} (curse)
rPois    .         Spirit   .   (no helmet)
rElec    .         Reflect  .   k - +1 cloak
rCorr    .         Harm     .   B - +0 pair of gloves
MR       .....                  (no boots)
Stlth    ++++......             (no amulet)
HPRegen  0.16/turn              h - ring of positive energy
MPRegen  0.12/turn              e - +4 ring of dexterity

@: paralysed, corroded
A: no striking features
a: Curse Item, Scrying, Renounce Religion


You were on level 6 of the Dungeon.
You worshipped Ashenzari.
Ashenzari was aware of your devotion.
You were hungry.

You visited 2 branches of the dungeon, and saw 7 of its levels.
You also visited: Ossuary.

You collected 318 gold pieces.

Inventory:

Hand Weapons
 a - a +2 rapier
 E - a +1 dagger of venom (weapon)
Armour
 b - a +0 scale mail
 k - a +1 cloak (worn)
 q - a +0 buckler (worn)
 v - the cursed +0 leather armour "Icaow" (worn) {*Corrode Str+2 SInv Stlth+}
   (You found it on level 4 of the Dungeon)

   It affects your strength (+2).
   It lets you see invisible.
   It may corrode you when you take damage.
   It makes you more stealthy.
   It has a curse placed upon it.
 B - a +0 pair of gloves (worn)
Jewellery
 e - a +4 ring of dexterity (right hand)
 h - a ring of positive energy (left hand)
 i - an uncursed ring of protection from cold
 p - an uncursed ring of wizardry
 u - an uncursed ring of wizardry
Wands
 t - a wand of scattershot (5)
 y - a wand of paralysis (15)
Scrolls
 c - a scroll of random uselessness {unknown}
 d - 5 scrolls of remove curse
 j - 3 scrolls of teleportation
 o - a scroll of immolation
 w - 2 scrolls of fear
 x - a scroll of identify
 C - 2 scrolls of amnesia {unknown}
 D - a scroll of enchant weapon
 F - a scroll of blinking {unknown}
Potions
 m - a potion of invisibility
 r - a potion of magic
 s - 6 potions of flight
 A - 2 potions of might
Comestibles
 f - 6 bread rations
 g - 4 royal jellies
 l - 2 meat rations


   Skills:
 - Level 2.4 Fighting
 - Level 6.1 Short Blades
 - Level 5.1 Armour
 - Level 8.3 Dodging
 + Level 6.0 Stealth
 - Level 4.2 Shields


You had 8 spell levels left.
You didn't know any spells.

Dungeon Overview and Level Annotations

Branches:
Dungeon (6/15)             Temple (1/1) D:4

Altars:
Ashenzari
Cheibriados
Dithmenos
Elyvilon
Fedhas
Gozag
Hepliaklqana
Kikubaaqudgha
Nemelex Xobeh
Okawaru
Qazlal
Ru
Sif Muna
Trog
Uskayaw
Vehumet
Wu Jian
Xom
Yredelemnul
Zin
The Shining One

Shops:
D:4 ?

Annotations:
D:6 Grinder


Message History

You hit Grinder but do no damage.
Grinder is heavily wounded.
Grinder gestures at you.
You suddenly lose the ability to move!
You feel less wooden.
Your +1 cloak unmelds from your body.
Your +0 pair of gloves unmelds from your body.
The cursed +0 leather armour "Icaow" {*Corrode Str+2 SInv Stlth+} unmelds from your body.
Grinder hits you!
* * * LOW HITPOINT WARNING * * *
Grinder hits you but does no damage. Grinder hits you.
* * * LOW HITPOINT WARNING * * *
You writhe in agony.
* * * LOW HITPOINT WARNING * * *
Grinder hits you.
* * * LOW HITPOINT WARNING * * *
Your corrosive artefact corrodes you!
Grinder hits you.
You die...

#.# #.##.##.
#.# #.##.##)
#.# #.##.#..
#.#
########.##.#.#
#.#
#...........#.#
#O#
#>#####.###.#.#
#)# #.# #.#
#.#.# #.####.#
#.# #....
#.)@5..# #.#
#.#.# ########
#.# #...) #.#
#.#.# #.# #....
#.# ###.#
#.#####.#
#.......#
#######.# #.#


You could see Grinder.

Vanquished Creatures
  Sigmund (D:2)
  Edmund (D:6)
  The ghost of AverageBear the Cutter, an amateur DEFi (D:3)
  A black bear (D:6)
  An orc warrior (D:6)
  An ice beast (D:6)
  3 ogres
  A centaur (D:6)
  An elf zombie (Ossuary)
  A bullfrog (D:6)
  3 scorpions
  A howler monkey (D:5)
  2 crimson imps (D:5)
  7 orc priests
  A jelly (D:5)
  7 orc wizards
  5 human zombies (Ossuary)
  A worker ant (D:4)
  A big kobold zombie (Ossuary)
  3 mummies (Ossuary)
  A howler monkey zombie (D:5)
  7 gnolls
  6 adders
  A shadow imp (D:5)
  2 oozes
  7 adder zombies (Ossuary)
  An adder skeleton (D:4)
  3 worms
  4 dart slugs
  5 leopard geckos
  40 orcs
  A ball python (D:1)
  4 giant cockroaches
  3 goblins
  14 hobgoblins
  4 jackals
  9 kobolds
  6 quokkas
  A ball python skeleton (D:5)
  A bat (D:3)
  7 frilled lizards
  A giant cockroach zombie (D:5)
  2 goblin zombies (Ossuary)
  2 hobgoblin zombies (Ossuary)
  3 jackal zombies (Ossuary)
  3 kobold zombies (Ossuary)
  A leopard gecko zombie (D:5)
  3 quokka zombies (Ossuary)
  10 rats
  4 rat zombies (Ossuary)
199 creatures vanquished.

Notes
Turn   | Place    | Note
-------+----------+-------------------------------------------
     0 | D:1      | AverageBear the Deep Elf Fighter began the quest for the Orb.
     0 | D:1      | Reached XP level 1. HP: 13/13 MP: 3/3
   315 | D:1      | Reached XP level 2. HP: 14/18 MP: 4/4
   929 | D:2      | Reached XP level 3. HP: 18/22 MP: 5/5
  1335 | D:2      | Reached XP level 4. HP: 17/27 MP: 6/6
  1555 | D:2      | Noticed Sigmund
  1564 | D:2      | Killed Sigmund
  1564 | D:2      | Reached XP level 5. HP: 29/31 MP: 7/7
  1708 | D:2      | Reached skill level 1 in Dodging
  1873 | D:3      | Noticed AverageBear's ghost (amateur DEFi)
  1909 | D:3      | Killed AverageBear's ghost
  1909 | D:3      | Reached skill level 3 in Dodging
  1909 | D:3      | Reached XP level 6. HP: 25/36 MP: 8/8
  2451 | D:4      | Found a staircase to the Ecumenical Temple.
  2463 | D:4      | Reached skill level 4 in Dodging
  2472 | Temple   | Entered the Ecumenical Temple
  2506 | Temple   | Became a worshipper of Ashenzari the Shackled
  2607 | D:4      | Found a sand-covered staircase.
  2618 | Ossuary  | Entered an ossuary
  2893 | Ossuary  | Reached skill level 5 in Dodging
  2893 | Ossuary  | Reached XP level 7. HP: 8/40 MP: 9/9
  2896 | Ossuary  | HP: 2/40 [human zombie (6)]
  3209 | Ossuary  | Reached skill level 6 in Dodging
  3612 | D:4      | Found Plog's Magic Scroll Boutique.
  3665 | D:5      | Entered Level 5 of the Dungeon
  3668 | D:5      | HP: 2/40 [ogre/giant spiked club (15)]
  3676 | D:5      | HP: 2/40 [gnoll (4)]
  4069 | D:4      | Reached skill level 7 in Dodging
  4698 | D:4      | Got the cursed leather armour "Icaow" {*Corrode Str+2 SInv Stlth+}
  4709 | D:4      | Identified the cursed +0 leather armour "Icaow" {*Corrode Str+2 SInv Stlth+} (You found it on level 4 of the Dungeon)
  5347 | D:5      | Reached XP level 8. HP: 45/45 MP: 10/10
  5491 | D:5      | Found an opulent altar of Gozag.
  5690 | D:5      | Reached skill level 5 in Armour
  6400 | D:6      | Reached skill level 8 in Dodging
  6802 | D:6      | Noticed Edmund
  7112 | D:6      | Killed Edmund
  7418 | D:6      | Reached XP level 9. HP: 49/49 MP: 11/11
  7508 | D:6      | Reached * piety under Ashenzari
  7962 | D:6      | Reached skill level 5 in Stealth
  8005 | D:6      | Noticed Grinder
  8028 | D:6      | Paralysed by Grinder for 4 turns
  8078 | D:6      | Paralysed by Grinder for 7 turns
  8082 | D:6      | HP: 1/49 [Grinder (4)]
  8083 | D:6      | Slain by Grinder

Vault maps used:
D:1:      lightli_arrival_chessboard
D:2:      lightli_corner_chamber, uniq_sigmund
D:4:      minmay_temple_entry_grid, nicolae_ossuary_entry_ruins, first_bread,
          serial_shops, shop_fountains, palyth_stone_intersect,
          grunt_decor_arrowhead, kennysheep_big_empty_room, sigmund_army
D:5:      nicolae_gozag_cash_rules_everything_around_me
D:6:      minmay_misc_feat_hallway, uniq_grinder, uniq_edmund
Temple:   compressed_dpeg_circular_temple
Ossuary:  minmay_ossuary_two_tombs

Skill      XL: |  1  2  3  4  5  6  7  8  9 |
---------------+----------------------------+-----
Short Blades   | 3 4 6 |  6.1
Dodging        | 3 5 7 8 |  8.3
Armour         | 3 5 |  5.1
Shields        | 4 |  4.2
Stealth        | 3 6 |  6.0
Fighting       | |  2.4

Action                   |  1- 3 |  4- 6 |  7- 9 || total
-------------------------+-------+-------+-------++-------
Melee: Rapier            |   146 |   269 |   322 ||   737
       Dagger            |       |       |   275 ||   275
  Use: Scroll            |     4 |     6 |     3 ||    13
       Potion            |       |     7 |     8 ||    15
 Stab: Sleeping          |       |       |     6 ||     6
       Invisible         |       |       |     2 ||     2
  Eat: Chunk             |     2 |     5 |    11 ||    18
       Meat ration       |       |       |     1 ||     1
Armor: Scale mail        |    51 |    82 |    35 ||   168
       Leather armour    |       |       |    54 ||    54
       Skin              |       |       |    16 ||    16
Dodge: Dodged            |    31 |    81 |   263 ||   375
Block: Shield            |    54 |    50 |       ||   104
       Buckler           |       |    20 |   102 ||   122

Table legend:
 A = Spawn XP
 B = Non-spawn XP
 C = Spawn XP percentage of total XP
 D = Spawn monster count
 E = Non-spawn monster count
 F = Spawn count percentage of total count
 G = Total turns spent on level
                    A         B        C        D         E        F      G
               +---------+---------+-------+---------+---------+-------+---------
         Total |       0 |    3434 |   0.0 |       0 |     199 |   0.0 |  8083
               +---------+---------+-------+---------+---------+-------+---------
           D:1 |       0 |      40 |   0.0 |       0 |      20 |   0.0 |   915
           D:2 |       0 |     310 |   0.0 |       0 |      27 |   0.0 |   958
           D:3 |       0 |     209 |   0.0 |       0 |      24 |   0.0 |   553
           D:4 |       0 |     407 |   0.0 |       0 |      31 |   0.0 |  1583
           D:5 |       0 |     605 |   0.0 |       0 |      22 |   0.0 |  1270
           D:6 |       0 |    1424 |   0.0 |       0 |      41 |   0.0 |  1548
       Ossuary |       0 |     439 |   0.0 |       0 |      34 |   0.0 |   925
               +---------+---------+-------+---------+---------+-------+---------
